 Dungeon Crawl Stone Soup version 0.28-a0-495-g9bb89235eb (webtiles) character file.

Game seed: 13295588027438085388

80 mg7810 the Skirmisher (level 4, 0/52 HPs)
             Began as a Demonspawn Monk on Sept 19, 2021.
             Slain by a scorpion (6 damage)
             ... on level 2 of the Dungeon.
             The game lasted 00:05:03 (3676 turns).

mg7810 the Skirmisher (Demonspawn Monk)             Turns: 3676, Time: 00:05:03

Health: 0/52       AC:  5    Str: 13    XL:     4   Next: 18%
Magic:  1/1        EV: 11    Int: 11    God:
Gold:   88         SH:  4    Dex: 15    Spells: 3/3 levels left

rFire   . . .      SeeInvis .   m - +1 war axe (antimagic)
rCold   . . .      Faith    .   (no shield)
rNeg    . . .      Spirit   .   g - +0 ring mail
rPois   .          Reflect  .   (no helmet)
rElec   .          Harm     .   (no cloak)
rCorr   .          Rampage  .   (no gloves)
Will    .....                   (no boots)
Stlth   ..........              (no amulet)
HPRegen 0.17/turn               (no ring)
MPRegen 0.07/turn               (no ring)

@: berserking, hasted, very quick
A: claws 1, condensation shield
a: no special abilities


You were on level 2 of the Dungeon.
You visited 1 branch of the dungeon, and saw 2 of its levels.

You collected 88 gold pieces.

Inventory:

Hand Weapons
 m - a +1 antimagic war axe (weapon)
Armour
 g - a +0 ring mail (worn)
Scrolls
 c - a scroll of enchant weapon {unknown}
 e - a scroll of vulnerability
 f - 2 scrolls of teleportation
 j - a scroll of summoning {unknown}
 k - a scroll of fog {unknown}
 l - a scroll of blinking {unknown}
Potions
 h - a potion of heal wounds {unknown}


   Skills:
 + Level 3.3 Fighting
 + Level 3.1 Axes
 * Level 2.0 Armour
 + Level 2.8 Dodging
 + Level 2.1 Stealth
 * Level 0.6 Unarmed Combat


You had 3 spell levels left.
You didn't know any spells.
Your spell library contained the following spells:

 Spells                   Type           Power      Damage    Failure   Level
 Passwall                 Tmut/Erth      0%         N/A       75%         2
 Swiftness                Air            0%         N/A       92%         3
 Invisibility             Hex            0%         N/A       100%        6


Dungeon Overview and Level Annotations

Branches:
Dungeon (2/15)

Altars:


Innate Abilities, Weirdness & Mutations

You have sharp fingernails.
A meltable shield of frost defends you. (SH +4)


Message History

You hit the scorpion but do no damage.
The scorpion is lightly wounded.
The scorpion stings you. The scorpion stings you!
You are poisoned.
The scorpion poisons you!
You barely miss the scorpion.
The scorpion is lightly wounded.
You feel very sick.
The scorpion stings you but does no damage.
You barely miss the scorpion.
The scorpion is lightly wounded.
You feel sick.
The scorpion stings you but does no damage.
You block the scorpion's attack.
You feel sick.
You feel sick.
You feel sick. The scorpion misses you.
It was a potion of haste.
You feel yourself speed up.
You feel sick. The scorpion stings you.
* * * LOW HITPOINT WARNING * * *
You are lethally poisoned!
The scorpion poisons you!
It was a potion of curing.
You feel better. The scorpion stings you.
* * * LOW HITPOINT WARNING * * *
A red film seems to cover your vision as you go berserk!
You feel yourself moving faster!
You feel mighty!
You barely miss the scorpion.
The scorpion is lightly wounded.
The scorpion stings you.
* * * LOW HITPOINT WARNING * * *
You slash the scorpion!
The scorpion is severely wounded.
The scorpion closely misses you. The scorpion completely misses you.
You hit the scorpion.
The scorpion is almost dead.
The scorpion barely misses you.
You barely miss the scorpion.
The scorpion is almost dead.
The scorpion stings you.
You die...

..)......'..##........#
#...#....
..####...##.##........#
##..#..## ..#
#...##.##........#
#..#....
#.#####.###.##........#
##>#.### ......w.#
#.##........# #.#..#.
###########.##........#
#.#.##.
........).............#
###.##.
####..#####.##..s.....#
#.##.
............####@######
#.### .####.##.####
#.####### #.# #.##.#
#.......# #.# #.##.#
#######.######.# #....#
#.........# ######
###########


You could see a scorpion.

Vanquished Creatures
  3 adders (D:2)
  3 worms (D:2)
  4 orcs (D:2)
  3 endoplasms
  A giant cockroach (D:1)
  4 goblins
  2 hobgoblins (D:1)
  6 jackals (D:2)
  A quokka (D:1)
  3 ball pythons
  5 bats
  A frilled lizard (D:1)
  2 kobolds (D:2)
  2 rats
  A spectral kobold (D:1)
41 creatures vanquished.

Notes
Turn   | Place    | Note
-------+----------+-------------------------------------------
     0 | D:1      | mg7810 the Demonspawn Monk began the quest for the Orb.
     0 | D:1      | Reached XP level 1. HP: 18/18 MP: 1/1
   193 | D:1      | Found a faded altar of an unknown god.
   244 | D:1      | Gained mutation: You have sharp fingernails. [demonic
                  | ancestry]
   244 | D:1      | Reached XP level 2. HP: 14/22 MP: 2/2
  1197 | D:2      | Reached skill level 1 in Armour
  1202 | D:2      | Reached XP level 3. HP: 16/29 MP: 3/3
  1210 | D:2      | HP: 1/29 [worm (7)]
  1535 | D:2      | HP: 1/29 [worm (7)]
  2214 | D:2      | Noticed a scorpion
  3488 | D:2      | Gained mutation: A meltable shield of frost defends you.
                  | (SH +4) [demonic ancestry]
  3488 | D:2      | Reached XP level 4. HP: 27/35 MP: 4/4
  3676 | D:2      | Slain by a scorpion

Illustrated notes

Levels and vault maps discovered:
D:1:      amcnicky_arrival_gap_in_the_tavern_cellar, layout_loops_ring,
          dreamdust_ecumenical_altar_drowned_temple, amethyst_killhole
D:2:      layout_basic, eino_tiny_chamber, solitary_fountain

Skill      XL: |  1  2  3 |
---------------+----------+-----
Axes           | 3 |  3.1
Armour         | 1 2 |  2.0
Stealth        | 2 |  2.1
Fighting       | |  3.3
Dodging        | |  2.8
Unarmed Combat | |  0.6

Action                   |  1- 3 |  4- 6 || total
-------------------------+-------+-------++-------
Melee: Hand axe          |   168 |     9 ||   177
       War axe           |       |    11 ||    11
  Use: Scroll            |     2 |       ||     2
       Potion            |       |     4 ||     4
 Stab: Sleeping          |     3 |       ||     3
Armor: Robe              |     8 |       ||     8
       Ring mail         |    50 |     2 ||    52
Dodge: Dodged            |    94 |    13 ||   107
Block: Other             |       |     1 ||     1

Table legend: (Time is in decaauts)
 A = Elapsed time spent in this place.
 B = Non-inter-level travel time spent in this place.
 C = Inter-level travel time spent in this place.
 D = Time resting spent in this place.
 E = Time spent auto-exploring this place.
 F = Levels seen in this place.
 G = Mean time per level.
                   A        B        C        D        E       F      G
               +--------+--------+--------+--------+--------+-----+--------+
         Total |   3721 |   3679 |     42 |      0 |   3128 |   2 | 1860.5 |
       Dungeon |   3721 |   3679 |     42 |      0 |   3128 |   2 | 1860.5 |
               +--------+--------+--------+--------+--------+-----+--------+

Top non-repeatable levels by time:
     D:1: 2222 daAuts
     D:2: 1498 daAuts
